 Dungeon Crawl Stone Soup version 0.30.0-29-ga12c61a403 (webtiles) character file.

Game seed: 6291797643709332225

84 monsoonserge the Digger (level 4, -1/34 HPs)
             Began as a Gnoll Wanderer on June 10, 2023.
             Slain by a worm (9 damage)
             ... on level 3 of the Dungeon.
             The game lasted 00:05:28 (1788 turns).

monsoonserge the Digger (Gnoll Wanderer)            Turns: 1788, Time: 00:05:28

Health: -1/34      AC:  5    Str: 13    XL:     4   Next: 45%
Magic:  8/8        EV: 10    Int: 13    God:
Gold:   208        SH:  0    Dex: 10    Spells: 8/9 levels left

rFire   . . .        r - +0 morningstar
rCold   . . .        (no shield)
rNeg    . . .        i - +0 ring mail
rPois   .            (no helmet)
rElec   .            (no cloak)
rCorr   .            (no gloves)
SInv    .            (no boots)
Will    .....        (no amulet)
Stlth   +            (no ring)
HPRegen 0.25/turn    (no ring)
MPRegen 0.11/turn

%: no passive effects
@: no status effects
A: fangs 1, strong nose, distributed training
a: no special abilities


You were on level 3 of the Dungeon.
You visited 1 branch of the dungeon, and saw 3 of its levels.

You collected 208 gold pieces.

Inventory:

Hand Weapons
 a - a +0 mace
 r - a +0 morningstar (weapon)
Missiles
 m - 7 boomerangs (quivered)
Armour
 d - a +0 leather armour
 i - a +0 ring mail (worn)
Wands
 b - a wand of polymorph (6)
Scrolls
 c - 3 scrolls of teleportation
 e - 2 scrolls of immolation {unknown}
 f - 6 scrolls of identify {unknown}
 g - a scroll of fog {unknown}
 k - a scroll of enchant armour {unknown}
 l - 2 scrolls of amnesia {unknown}
 o - a scroll of vulnerability {unknown}
 p - a scroll of noise {unknown}
Potions
 h - a potion of ambrosia {unknown}
 j - 2 potions of brilliance {unknown}
 n - a potion of berserk rage {unknown}
 q - a potion of flight {unknown}


   Skills:
 + Level 2.8 Fighting
 + Level 1.2 Short Blades
 + Level 1.2 Long Blades
 + Level 1.2 Axes
 + Level 2.8 Maces & Flails
 + Level 1.2 Polearms
 + Level 1.2 Staves
 + Level 1.2 Ranged Weapons
 + Level 4.6 Throwing
 + Level 2.8 Armour
 + Level 1.2 Dodging
 + Level 1.2 Stealth
 + Level 1.2 Shields
 + Level 1.2 Unarmed Combat
 + Level 3.0 Spellcasting
 + Level 1.0 Conjurations
 + Level 1.0 Hexes
 + Level 1.0 Summonings
 + Level 1.0 Necromancy
 + Level 1.0 Translocations
 + Level 1.0 Transmutations
 + Level 1.0 Fire Magic
 + Level 1.0 Ice Magic
 + Level 1.0 Air Magic
 + Level 5.5 Earth Magic
 + Level 1.0 Poison Magic
 + Level 1.3 Invocations
 + Level 2.8 Evocations


You had 8 spell levels left.
You knew the following spells:

 Your Spells              Type           Power      Damage    Failure   Level
a - Sandblast             Erth           32%        2d9       4%          1

Your spell library contained the following spells:

 Spells                   Type           Power      Damage    Failure   Level
 Slow                     Hex            16%        N/A       30%         1
 Confusing Touch          Hex            4%         N/A       67%         3
 Vampiric Draining        Necr           4%         2d6       67%         3
 Leda's Liquefaction      Hex/Erth       5%         N/A       77%         4
 Petrify                  Tmut/Erth      10%        N/A       77%         4


Dungeon Overview and Level Annotations

Branches:
Dungeon (3/15)

Altars:
Kikubaaqudgha
Qazlal
Ru

Annotations:
D:3 Sigmund


Innate Abilities, Weirdness & Mutations

You have very sharp teeth.
Your uncanny sense of smell can sniff out nearby items.
Your experience applies equally to all skills.


Message History

Your Summonings skill increases to level 1!
Your Necromancy skill increases to level 1!
Your Translocations skill increases to level 1!
Your Transmutations skill increases to level 1!
Your Fire Magic skill increases to level 1!
Your Ice Magic skill increases to level 1!
Your Air Magic skill increases to level 1!
Your Poison Magic skill increases to level 1!
Unknown command.
Unknown command.
Your movement speed is average.
Your attack delay is about 1.3.
Your damage rating with your +0 morningstar is about 15 (Base 13 x 107% (Str) x 109% (Skill)).
You barely miss the orc. The orc completely misses you.
You hit the orc.
The orc is lightly wounded.
The orc hits you but does no damage. The orc hits you with a +0 club.
You hit the orc. Your bite misses the orc.
The orc is severely wounded.
The orc closely misses you.
You hit the orc.
You kill the orc!
The bat hits you.
You closely miss the orc. The orc hits you with a +0 falchion. x2
You barely miss the orc. The orc barely misses you.
You hit the orc.
The orc is moderately wounded.
The orc hits you with a +0 falchion. The orc hits you but does no damage.
You thump the orc!
You kill the orc!
The bat hits you but does no damage.
You puncture the worm! You bite the worm.
The worm is severely wounded.
The orc hits you from afar with a +0 trident.
The worm barely misses you.
You completely miss the worm.
The worm is severely wounded.
The orc hits you from afar with a +0 trident!
* * * LOW HITPOINT WARNING * * *
The worm bites you!
You die...

.......#....##
......##...[.#
...)...#<.##.#
.........###.#
........## #.#
.......#####.#
.......##....#######
....†..##...##_..._#
............## #@#
###...#......###w#
#...#.#####.#bo####
#.....# #........#
.......# #........#
#.......####........#
....................#
#................)..#
..#$...#####$...(...#


You could see a worm, an orc and a bat.

Vanquished Creatures
  2 adders (D:2)
  4 dart slugs
  5 orcs (D:3)
  7 ball pythons
  2 bats
  2 endoplasms (D:1)
  3 giant cockroaches
  6 goblins
  4 hobgoblins (D:1)
  A quokka (D:1)
  A frilled lizard (D:1)
  6 kobolds
  8 rats
51 creatures vanquished.

Notes
Turn   | Place    | Note
-------+----------+-------------------------------------------
     0 | D:1      | monsoonserge the Gnoll Wanderer began the quest for the
                  | Orb.
     0 | D:1      | monsoonserge set off with the following items: a +0 mace, a
                  | wand of polymorph (6), a scroll of teleportation, a +0
                  | leather armour; and the following spell memorised:
                  | Sandblast; and the following spells available to memorise:
                  | Leda's Liquefaction, Petrify.
     0 | D:1      | Reached XP level 1. HP: 17/17 MP: 4/4
    87 | D:1      | Reached XP level 2. HP: 20/23 MP: 3/5
   304 | D:1      | Found a faded altar of an unknown god.
   342 | D:1      | Reached XP level 3. HP: 28/28 MP: 5/7
   421 | D:1      | Reached skill level 1 in Invocations
   872 | D:2      | Reached skill level 1 in Short Blades
   872 | D:2      | Reached skill level 1 in Long Blades
   872 | D:2      | Reached skill level 1 in Axes
   872 | D:2      | Reached skill level 1 in Polearms
   872 | D:2      | Reached skill level 1 in Staves
   872 | D:2      | Reached skill level 1 in Ranged Weapons
   872 | D:2      | Reached skill level 1 in Dodging
   872 | D:2      | Reached skill level 1 in Stealth
   872 | D:2      | Reached skill level 1 in Shields
   872 | D:2      | Reached skill level 1 in Unarmed Combat
   947 | D:2      | Reached XP level 4. HP: 34/34 MP: 6/8
  1389 | D:2      | Found a stormy altar of Qazlal.
  1574 | D:3      | Noticed Sigmund
  1776 | D:3      | Found a sacrificial altar of Ru.
  1776 | D:3      | Found an ancient bone altar of Kikubaaqudgha.
  1779 | D:3      | Reached skill level 1 in Conjurations
  1779 | D:3      | Reached skill level 1 in Hexes
  1779 | D:3      | Reached skill level 1 in Summonings
  1779 | D:3      | Reached skill level 1 in Necromancy
  1779 | D:3      | Reached skill level 1 in Translocations
  1779 | D:3      | Reached skill level 1 in Transmutations
  1779 | D:3      | Reached skill level 1 in Fire Magic
  1779 | D:3      | Reached skill level 1 in Ice Magic
  1779 | D:3      | Reached skill level 1 in Air Magic
  1779 | D:3      | Reached skill level 1 in Poison Magic
  1788 | D:3      | Slain by a worm

Illustrated notes

Levels and vault maps discovered:
D:1:      dpeg_arrival_ratfight, layout_basic, chequers_ecumenical_altar_simple
D:2:      layout_basic, basic_altar
D:3:      layout_rooms, lemuel_coloured_pillars_altar,
          gammafunk_temple_overflow_elements, uniq_terence, uniq_sigmund

Skill      XL: |  1  2  3  4 |
---------------+-------------+-----
Invocations    | 1 |  1.3
Short Blades   | 1 |  1.2
Long Blades    | 1 |  1.2
Axes           | 1 |  1.2
Polearms       | 1 |  1.2
Staves         | 1 |  1.2
Ranged Weapons | 1 |  1.2
Dodging        | 1 |  1.2
Stealth        | 1 |  1.2
Shields        | 1 |  1.2
Unarmed Combat | 1 |  1.2
Spellcasting   | 3 |  3.0
Conjurations   | 1 |  1.0
Hexes          | 1 |  1.0
Summonings     | 1 |  1.0
Necromancy     | 1 |  1.0
Translocations | 1 |  1.0
Transmutations | 1 |  1.0
Fire Magic     | 1 |  1.0
Ice Magic      | 1 |  1.0
Air Magic      | 1 |  1.0
Poison Magic   | 1 |  1.0
Fighting       | |  2.8
Maces & Flails | |  2.8
Throwing       | |  4.6
Armour         | |  2.8
Earth Magic    | |  5.5
Evocations     | |  2.8

Action                     |  1- 3 |  4- 6 || total
---------------------------+-------+-------++-------
  Melee: Mace              |    28 |     3 ||    31
         Bite              |     1 |     1 ||     2
         Morningstar       |       |    11 ||    11
  Throw: Boomerang         |       |     1 ||     1
   Cast: Sandblast         |    40 |    12 ||    52
 Armour: Leather armour    |     4 |       ||     4
         Ring mail         |    10 |    13 ||    23
  Dodge: Dodged            |    17 |    13 ||    30
